 Dungeon Crawl Stone Soup version 0.32-a0-933-ga8fa3634e4 (webtiles) character file.

Game seed: 18146644517151476363

4132 ezpacito the Chopper (level 10, -5/77 HPs)
             Began as a Coglin Chaos Knight on Apr 14, 2024.
             Was a Plaything of Xom.
             Slain by a two-headed ogre
             ... wielding a +0 giant club
              (13 damage)
             ... on level 8 of the Dungeon.
             The game lasted 00:12:29 (5932 turns).

ezpacito the Chopper (Coglin Chaos Knight)          Turns: 5932, Time: 00:12:29

Health: -5/77      AC: 12    Str: 16    XL:     10   Next: 27%
Magic:  12/14      EV: 15    Int: 15    God:    Xom [.....*]
Gold:   409        SH:  0    Dex: 13    Spells: 15/15 levels left

rFire   . . .        a - +0 hand axe (chaos) {María}
rCold   + . .        g - +0 trident {Qiuyue}
rNeg    . . .        z - +3 ring mail
rPois   .            (helmet restricted)
rElec   .            b - +0 cloak
rCorr   .            (no gloves)
SInv    .            D - +2 pair of slick slippers {slick, slippery, EV+4}
Will    .....        (amulet unavailable)
Stlth   ++           (ring unavailable)
HPRegen 0.32/turn    (ring unavailable)
MPRegen 0.14/turn    (no gizmo)

%: no passive effects
@: revving
A: off-hand wielding, slow wielding, warmup strikes, no jewellery, fangs 1,
horns 1, clever 1, cold resistance 1, MP-powered wands
a: Invent Gizmo, Renounce Religion


You were on level 8 of the Dungeon.
You worshipped Xom.
You were Xom's teddy bear.
You visited 2 branches of the dungeon, and saw 9 of its levels.

You collected 409 gold pieces.

Inventory:

Hand Weapons
 a - a +0 hand axe of chaos (weapon) {María}
 g - a +0 trident (offhand) {Qiuyue}
 n - a +0 war axe
 A - a +3 hand axe of holy wrath
Missiles
 c - a throwing net
 f - 27 poisoned darts (quivered)
 q - a curare-tipped dart
 r - 7 javelins
 v - a boomerang
Armour
 b - a +0 cloak (worn)
 z - a +3 ring mail (worn)
 C - a +0 plate armour
 D - the +2 pair of slick slippers (worn) {slick, slippery, EV+4}
   (You acquired it on level 4 of the Dungeon)

   Slick:     Its wearer cannot be constricted, engulfed, netted, webbed, or
   stopped by binding sigils.
   Slippery:  Its wearer slips away from damaging melee attacks, pulling the
   attacker onward.
   EV+4:      It affects your evasion (+4).
Wands
 d - a wand of flame (49)
 k - a wand of polymorph (7)
 s - a wand of warping (2)
 u - a wand of paralysis (10)
Scrolls
 e - a scroll of acquirement
 i - a scroll of identify
 j - a scroll of fog
 o - a scroll of immolation
 p - 3 scrolls of amnesia
 t - 2 scrolls of teleportation
Potions
 l - a potion of heal wounds
 m - a potion of brilliance
 w - a potion of magic


   Skills:
 * Level 6.4 Fighting
 * Level 6.4(7.4) Axes
 * Level 5.0(6.3) Polearms
 + Level 2.4 Throwing
 * Level 5.2 Armour
 * Level 5.0 Dodging
 + Level 3.4 Stealth
 + Level 0.8 Unarmed Combat
 + Level 3.0 Spellcasting
 + Level 4.4 Evocations


You had 15 spell levels left.
You didn't know any spells.
Your spell library was empty.

Dungeon Overview and Level Annotations

Branches:
Dungeon (8/15)             Temple (1/1) D:6
   Lair: D:8-11

Altars:
Ashenzari
Dithmenos
Elyvilon
Gozag
Hepliaklqana
Kikubaaqudgha
Makhleb
Nemelex Xobeh
Okawaru
Qazlal
Ru
Trog
Uskayaw
Xom
Yredelemnul
Zin
The Shining One

Annotations:
D:7 3 runed translucent doors, Stellion's ghost, novice MDFi
D:8 Pikel
Temple 2 transporters


Innate Abilities, Weirdness & Mutations

You can wield a second weapon in your off-hand.
It takes a long time for you to wield or remove held weapons.
Your first few attacks do less damage.
You cannot equip rings or amulets.
You have very sharp teeth.
You have a pair of small horns on your head.
Your mind is acute. (Int +4, Str/Dex -1)
Your flesh is cold resistant. (rC+)
You expend magic power (3 MP) to strengthen your wands.


Message History

You take 22 damage, and have 11/77 hp.
MASSIVE DAMAGE!!
Blink to where?
Press: ? - help, Dir - move target, p - Pikel
As you read the scroll of blinking, it crumbles to dust.
Hit: a) +0 hand axe (chaos) {María}
Press: ? - help, Dir - move target, f - killer bee
Aim: a killer bee (black smoke, severely wounded, weak, about 60% to evade your +0 hand axe of chaos)
You reach to attack!
You puncture the killer bee with your +0 trident!
You kill the killer bee!
Your shadow imp disappears in a puff of smoke!
Something hits your ufetubus!!
Your ufetubus dies!
Your ufetubus degenerates into a cloud of primal chaos!
Your Spellcasting skill increases to level 3!
You hear Xom's avuncular chuckle.
The lemure is moving more slowly.
Your ynoxinul disappears in a puff of smoke!
Your ufetubus disappears in a puff of smoke! x2
The shadow imp completely misses you.
You see here a killer bee corpse.
Okay, then.
The shadow imp attacks as it pursues you!
The shadow imp closely misses you.
The two-headed ogre attacks as it pursues you!
The two-headed ogre hits you with a +0 giant club.
* * * LOW HITPOINT WARNING * * *
You slip backwards!
You take 6 damage, and have 7/77 hp.
A gnoll comes into view. It is wielding a +0 spear.
The air fills with toxic fumes!
As you read the scroll of poison, it crumbles to dust.
You hit the two-headed ogre with your +0 trident.
You headbutt the two-headed ogre.
The two-headed ogre is severely wounded.
You hit the two-headed ogre with your +0 hand axe of chaos.
You burn the two-headed ogre.
The two-headed ogre hits you with a +0 giant club!
You die...
Xom thinks this is hilarious!

.............g.
............g..§§§§§§§
..#........... §§§§§§#
.##....5...... §§§§§§###
.........K..5# §§§§§§§§§
.........55..# #§§§§§§§§
......h.hF5F§###§§§§§§§§
..........§§Fg#§§§§§§§§§
........55§#§55O@§§§§#
...##......##5.§##§§##
....#..... #§§§§# ##
....b...####§§§##
...§.[.4##.#§§##
..bb..4555§§§§#
†....55b.###§.#
......†.## ####
.......##


You could see a two-headed ogre, 2 lemures, a gnoll sergeant and a shadow imp.

Vanquished Creatures
  Joseph (D:7)
  Grinder (D:6)
  Sigmund (D:6)
  Eustachio (D:4)
  Duvessa (D:7)
  3 ice beasts
  A swamp drake (D:4)
  A centaur (D:7)
  A phantom (D:5)
  A kobold brigand (D:4)
  2 bullfrogs
  3 wights (D:7)
  Dowan (D:7)
  4 killer bees (D:8)
  4 howler monkeys
  A bombardier beetle (D:7)
  A crimson imp (D:6)
  4 hounds
  2 jellies (D:5)
  2 gnoll boudas (D:6)
  2 sleepcaps (D:5)
  3 iguanas
  Ijyb (D:3)
  Natasha (thrice) (D:3)
  An orc wizard (D:3)
  15 gnolls
  7 adders
  2 shadow imps
  A white imp (D:6)
  2 ufetubi (D:6)
  A dart slug (D:1)
  16 orcs
  3 ball pythons
  7 endoplasms
  7 goblins
  4 hobgoblins
  8 jackals
  5 kobolds
  6 quokkas
  5 bats
  5 frilled lizards
  6 rats
146 creatures vanquished.

Vanquished Creatures (collateral kills)
  A two-headed ogre (D:7)
  A steam dragon (D:8)
  A water moccasin (D:7)
  An ogre (D:7)
  2 lemures (D:8)
  3 killer bees (D:8)
  A gnoll bouda (D:7)
  A gnoll (D:7)
11 creatures vanquished.

Vanquished Creatures (others)
  2 wights (D:7)
  A killer bee (D:8)
  A centaur zombie (D:7)
  A howler monkey zombie (D:7)
  An orc (D:3)
6 creatures vanquished.

Grand Total: 163 creatures vanquished

Notes
Turn   | Place    | Note
-------+----------+-------------------------------------------
     0 | D:1      | ezpacito the Coglin Chaos Knight began the quest for the
                  | Orb.
     0 | D:1      | Reached XP level 1. HP: 18/18 MP: 1/1
    61 | D:1      | Reached skill level 1 in Dodging
   103 | D:1      | Reached XP level 2. HP: 24/24 MP: 2/2
   191 | D:1      | XOM: noise
   274 | D:1      | XOM: give mutations
   274 | D:1      | Gained mutation: Your mind is acute. (Int +4, Str/Dex -1)
                  | [Xom's grace]
   274 | D:1      | Gained mutation: You possess an exceptional clarity of
                  | mind. [Xom's grace]
   342 | D:1      | Reached XP level 3. HP: 29/29 MP: 3/3
   464 | D:2      | Reached skill level 1 in Polearms
   488 | D:2      | Reached XP level 4. HP: 18/35 MP: 4/4
  1010 | D:3      | Reached skill level 1 in Stealth
  1097 | D:3      | Identified the +0 leather armour of Cynicism {Fly rN+ Str+3
                  | Dex-2}
  1125 | D:3      | Noticed Ijyb
  1134 | D:3      | Killed Ijyb
  1135 | D:3      | Reached XP level 5. HP: 32/41 MP: 4/6
  1312 | D:3      | Noticed Natasha
  1318 | D:3      | XOM: give mutations
  1318 | D:3      | Lost mutation: You possess an exceptional clarity of mind.
                  | [Xom's mischief]
  1318 | D:3      | Gained mutation: You possess an exceptional clarity of
                  | mind. [Xom's mischief]
  1318 | D:3      | Lost mutation: You possess an exceptional clarity of mind.
                  | [Xom's mischief]
  1320 | D:3      | Killed Natasha
  1499 | D:3      | Found a glowing golden altar of the Shining One.
  1505 | D:3      | Found a shimmering altar of Xom.
  1546 | D:3      | Noticed Natasha
  1559 | D:3      | Killed Natasha
  1700 | D:3      | Noticed Natasha
  1708 | D:3      | Killed Natasha
  1709 | D:3      | Reached skill level 1 in Spellcasting
  1770 | D:3      | Reached XP level 6. HP: 42/48 MP: 7/7
  1834 | D:3      | XOM: summons 3 hostile shadow creatures
  2013 | D:4      | Reached skill level 1 in Evocations
  2062 | D:4      | Noticed a steam dragon
  2068 | D:4      | Noticed Eustachio
  2068 | D:4      | XOM: 9-stop teleportation journey
  2111 | D:4      | XOM: fog
  2113 | D:4      | a steam dragon changed into a swamp drake
  2113 | D:4      | Noticed a swamp drake
  2118 | D:4      | Killed a swamp drake
  2119 | D:4      | Reached XP level 7. HP: 20/54 MP: 8/8
  2224 | D:4      | Paralysed by Eustachio for 5 turns
  2242 | D:4      | Killed Eustachio
  2766 | D:4      | Identified 2 scrolls of acquirement
  2766 | D:4      | Acquired the +2 pair of slick slippers {slick, slippery,
                  | EV+4}
  2766 | D:4      | Found the +2 pair of slick slippers {slick, slippery, EV+4}
  2798 | D:5      | Entered Level 5 of the Dungeon
  2814 | D:5      | XOM: cast spell 'Olgreb's Toxic Radiance'
  2930 | D:4      | XOM: silly message
  3282 | D:5      | Reached XP level 8. HP: 61/61 MP: 10/10
  3424 | D:5      | XOM: silly message
  3773 | D:6      | Noticed Sigmund
  3789 | D:6      | Killed Sigmund
  3790 | D:6      | Reached skill level 5 in Fighting
  3790 | D:6      | Reached skill level 5 in Axes
  4417 | D:6      | Found a staircase to the Ecumenical Temple.
  4472 | D:6      | Noticed Grinder
  4488 | D:6      | Killed Grinder
  4558 | D:6      | Reached skill level 1 in Throwing
  4562 | D:6      | XOM: silly message
  4626 | D:6      | Reached XP level 9. HP: 68/68 MP: 12/12
  4675 | Temple   | Found a transporter.
  4675 | Temple   | Found a transporter.
  4675 | Temple   | Found a transporter.
  4675 | Temple   | Found a transporter.
  4675 | Temple   | Entered the Ecumenical Temple
  4870 | D:7      | Noticed Joseph
  4883 | D:7      | XOM: polymorph Joseph -> Joseph
  4910 | D:7      | Killed Joseph
  4992 | D:7      | XOM: 1-stop teleportation journey
  4994 | D:7      | XOM: divination: detect creatures
  4998 | D:7      | Noticed a troll
  4998 | D:7      | Noticed a two-headed ogre
  5020 | D:7      | Noticed Duvessa
  5020 | D:7      | Noticed Dowan
  5020 | D:7      | Found a runed translucent gate.
  5020 | D:7      | Found a runed translucent gate.
  5020 | D:7      | Found a runed translucent gate.
  5020 | D:7      | XOM: 7-stop teleportation journey
  5070 | D:7      | XOM: chaos upgrade
  5132 | D:7      | XOM: summons 9 friendly demons
  5138 | D:7      | Killed a two-headed ogre
  5202 | D:7      | XOM: give mutations
  5202 | D:7      | Gained mutation: Your flesh is cold resistant. (rC+) [Xom's
                  | grace]
  5202 | D:7      | Gained mutation: You have a pair of small horns on your
                  | head. [Xom's grace]
  5202 | D:7      | Gained mutation: You expend magic power (3 MP) to
                  | strengthen your wands. [Xom's grace]
  5202 | D:7      | Gained mutation: You have very sharp teeth. [Xom's grace]
  5217 | D:7      | Killed Duvessa
  5219 | D:7      | Killed Dowan
  5243 | D:7      | XOM: enchant monster (bad)
  5244 | D:7      | XOM: silly message
  5248 | D:7      | Reached skill level 5 in Armour
  5248 | D:7      | Reached XP level 10. HP: 63/76 MP: 14/14
  5266 | D:7      | XOM: destruction
  5541 | D:7      | Noticed Stellion's ghost (novice MDFi)
  5893 | D:8      | XOM: summons 10 friendly demons
  5907 | D:8      | Reached skill level 5 in Dodging
  5910 | D:8      | Reached skill level 5 in Polearms
  5918 | D:8      | Noticed a two-headed ogre
  5918 | D:8      | Noticed Pikel
  5921 | D:8      | XOM: fog
  5928 | D:8      | XOM: enchant monster (good)
  5932 | D:8      | Slain by a two-headed ogre

Illustrated notes

Levels and vault maps discovered:
D:1:      dpeg_arrival_orchard, layout_rooms
D:2:      layout_basic, chequers_serial_rivers_micro_a, minmay_domino_2
D:3:      layout_loops_ring, jmf_multi_god_temple2, uniq_natasha, uniq_ijyb
D:4:      layout_rooms, nicolae_nh_ransacked_shop, uniq_eustachio
D:5:      layout_basic
D:6:      layout_cave_pods, minmay_temple_entry_enclosed_plants,
          minmay_fire_ice_demons, uniq_grinder, uniq_sigmund
D:7:      layout_cave_pools, gammafunk_ghost_split, uniq_joseph, uniq_duvessa
D:8:      layout_cave_pools, mainiacjoe_overflow_boulevard, the_hattery,
          uniq_pikel
Temple:   hellmonk_temple_divided_pantheon

Skill      XL: |  1  2  3  4  5  6  7  8  9 10 |
---------------+-------------------------------+-----
Dodging        | 1 2 3 4 5 |  5.0
Armour         | 2 3 4 5 |  5.2
Polearms       | 1 2 3 4 5 |  5.0
Stealth        | 1 2 3 |  3.4
Spellcasting   | 1 2 3 |  3.0
Evocations     | 1 2 3 4 |  4.4
Fighting       | 4 5 6 |  6.4
Axes           | 4 5 6 |  6.4
Throwing       | 1 2 |  2.4
Unarmed Combat | |  0.8

Action                     |  1- 3 |  4- 6 |  7- 9 | 10-12 || total
---------------------------+-------+-------+-------+-------++-------
  Melee: Hand axe          |    53 |   151 |   248 |    29 ||   481
         Dagger            |    46 |     8 |       |       ||    54
         Spear             |       |   155 |   246 |       ||   401
         Trident           |       |       |    20 |    49 ||    69
         Headbutt          |       |       |     4 |    10 ||    14
         Bite              |       |       |       |     2 ||     2
  Evoke: Wand              |       |       |    13 |     1 ||    14
    Use: Potion            |     1 |     2 |    10 |     1 ||    14
         Scroll            |     1 |     1 |    12 |     3 ||    17
   Stab: Confused          |       |     1 |    10 |       ||    11
         Petrifying        |       |     1 |     1 |       ||     2
         Paralysed         |       |       |     8 |       ||     8
         Sleeping          |       |       |     2 |       ||     2
         Distracted        |       |       |     1 |       ||     1
 Armour: Leather armour    |    35 |    13 |       |       ||    48
         Ring mail         |       |    72 |   175 |    28 ||   275
  Dodge: Dodged            |    27 |    67 |   192 |    51 ||   337

Table legend: (Time is in decaauts)
 A = Elapsed time spent in this place.
 B = Non-inter-level travel time spent in this place.
 C = Inter-level travel time spent in this place.
 D = Time resting spent in this place.
 E = Time spent auto-exploring this place.
 F = Levels seen in this place.
 G = Mean time per level.
                   A        B        C        D        E       F      G
               +--------+--------+--------+--------+--------+-----+--------+
         Total |   5936 |   5623 |    313 |    150 |   4209 |   9 |  659.6 |
       Dungeon |   5934 |   5622 |    312 |    150 |   4209 |   8 |  741.8 |
        Temple |      1 |      1 |      0 |      0 |      0 |   1 |    1.0 |
               +--------+--------+--------+--------+--------+-----+--------+

Top non-repeatable levels by time:
     D:6: 1117 daAuts
     D:3: 1001 daAuts
     D:4: 995 daAuts
     D:7: 970 daAuts
     D:5: 783 daAuts
     D:2: 655 daAuts
     D:1: 345 daAuts
     D:8: 65 daAuts
  Temple: 1 daAuts
